 Dungeon Crawl Stone Soup version 0.22-a0-388-g09e6169 (webtiles) character file.

3319 raistware the Thaumaturge (level 9, -1/57 HPs)
             Began as a Mummy Wizard on Apr 28, 2018.
             Was a Priest of Sif Muna.
             Slain by a two-headed ogre
             ... wielding a +0 giant club
              (8 damage)
             ... on level 8 of the Dungeon on Apr 29, 2018.
             The game lasted 01:00:50 (12108 turns).

raistware the Thaumaturge (Mummy Wizard)           Turns: 12108, Time: 01:00:50

Health: -1/57      AC:  2    Str: 11    XL:     9   Next: 71%
Magic:  11/21      EV: 12    Int: 20    God:    Sif Muna [***...]
Gold:   305        SH:  6    Dex: 10    Spells: 8/25 levels left

rFire    . . .     SeeInvis .   y - +9 staff of Olgreb {rPois}
rCold    + + +     Gourm    .   i - +2 buckler
rNeg     + + +     Faith    .   a - +0 robe
rPois    ∞         Spirit   .   b - +0 hat
rElec    .         Reflect  .   s - scarf {rC+ rF+}
rCorr    .         Harm     .   (no gloves)
MR       +....                  (no boots)
Stlth    ++........             (no amulet)
HPRegen  0.19/turn              n - ring of protection from cold
MPRegen  0.17/turn              (no ring)

@: no status effects
A: no food or potions, fire vulnerability, cold resistance 1, negative energy
resistance 3, torment resistance, unbreathing
a: Divine Energy, Channel Magic, Renounce Religion


You were on level 8 of the Dungeon.
You worshipped Sif Muna.
Sif Muna was most pleased with you.
You were not hungry.

You visited 2 branches of the dungeon, and saw 9 of its levels.

You collected 305 gold pieces.

Inventory:

Hand Weapons
 c - a +0 dagger
 h - a +2 short sword of speed
 y - the +9 staff of Olgreb (weapon) {rPois}
   (You found it on level 7 of the Dungeon)

   It protects you from poison.
Missiles
 o - 2 tomahawks
 r - a throwing net (quivered)
Armour
 a - a +0 robe (worn)
 b - a +0 hat (worn)
 i - a +2 buckler (worn)
 s - a scarf of resistance (worn)
Magical Staves
 q - an uncursed staff of death
Jewellery
 n - a ring of protection from cold (left hand)
Wands
 p - a wand of paralysis (4)
 t - a wand of polymorph (15)
 z - a wand of iceblast (9)
Scrolls
 d - 2 scrolls of fear {unknown}
 e - 6 scrolls of teleportation
 f - 2 scrolls of random uselessness {unknown}
 g - 3 scrolls of remove curse
 j - 2 scrolls of magic mapping {unknown}
 k - 2 scrolls of enchant armour {unknown}
 l - 2 scrolls of amnesia {unknown}
 m - 2 scrolls of identify {unknown}
 u - a scroll of immolation {unknown}
 v - a scroll of fog {unknown}
 w - a scroll of blinking {unknown}
 x - a scroll of torment {unknown}


   Skills:
 - Level 2.0 Dodging
 - Level 2.0 Stealth
 - Level 4.0 Shields
 + Level 8.9 Spellcasting
 * Level 7.9 Conjurations
 - Level 1.1 Summonings
 - Level 1.1 Translocations
 + Level 3.8 Fire Magic
 + Level 0.0 Poison Magic


You had 8 spell levels left.
You knew the following spells:

 Your Spells              Type           Power        Failure   Level  Hunger
a - Magic Dart            Conj           ####         1%          1    N/A
b - Blink                 Tloc           N/A          8%          2    N/A
c - Call Imp              Summ           ##......     7%          2    N/A
d - Conjure Flame         Conj/Fire      ####....     1%          3    N/A
e - Mephitic Cloud        Conj/Pois/Air  ####....     8%          3    N/A
f - Bolt of Fire          Conj/Fire      ####......   71%         6    N/A

Dungeon Overview and Level Annotations

Branches:
Dungeon (8/15)             Temple (1/1) D:6
   Lair: D:8-11

Altars:
Ashenzari
Cheibriados
Dithmenos
Elyvilon
Fedhas
Gozag
Kikubaaqudgha
Makhleb
Nemelex Xobeh
Okawaru
Qazlal
Ru
Sif Muna
Trog
Uskayaw
Vehumet
Wu Jian
Xom
Yredelemnul
Zin
The Shining One

Annotations:
D:2 Sigmund
D:7 1 runed door


Innate Abilities, Weirdness & Mutations

You do not eat or drink.
Your flesh is vulnerable to fire.
You are immune to poison.
Your flesh is cold resistant. (rC+)
You are immune to negative energy. (rN+++)
You are immune to unholy pain and torment.
You can survive without breathing.


Message History

The two-headed ogre hits you with a giant club!!
Ouch! That really hurt!
* * * LOW HITPOINT WARNING * * *
You block the two-headed ogre's attack.
The two-headed ogre is engulfed in noxious fumes.
Things that are here:
a giant club; an ogre corpse The two-headed ogre is engulfed in noxious fumes.
The two-headed ogre looks more healthy.
Your magical contamination has completely faded away.
Things that are here:
a giant club; an ogre corpse
Casting: Mephitic Cloud (safe; 8% risk of failure)
Confirm with . or Enter, or press ? or * to list all spells.
Okay, then.
Casting: Mephitic Cloud (safe; 8% risk of failure)
Confirm with . or Enter, or press ? or * to list all spells.
You blink.
The two-headed ogre hits you with a giant club!
You die...

##..... # #.#
######## #####.#
#......# ......#
#.####.# ####..#
#.# #.# ####..#
####.####.# ......#
#......##§#
..##..###.##.#.##O#
#.........##....@.#
........######.####
.......## #.#
#####.## #.# #.#
#.# #.# #†# #+# #.#
... #.# ....
#.#####


You could see a two-headed ogre.

Vanquished Creatures
  A hippogriff (D:7)
  A hungry ghost (D:7)
  4 water moccasins (D:7)
  2 soldier ants (D:7)
  A sky beast (D:5)
  2 orc warriors (D:6)
  2 phantoms (D:5)
  5 ogres
  3 centaurs
  A big kobold (D:7)
  A bullfrog (D:8)
  Blork the orc (D:6)
  4 killer bees (D:7)
  2 howler monkeys (D:6)
  A crimson imp (D:4)
  2 hounds
  An orc priest (D:7)
  6 orc wizards
  A bullfrog skeleton (D:4)
  10 worker ants
  2 hound skeletons
  8 adders
  A shadow imp (D:6)
  2 oozes
  An adder zombie (D:5)
  An adder skeleton (D:4)
  2 worms
  A leopard gecko (D:2)
  27 orcs
  2 ball pythons (D:3)
  5 giant cockroaches
  11 goblins
  14 hobgoblins
  9 jackals
  3 quokkas
  14 bats
  7 frilled lizards
  13 kobolds
  7 rats
181 creatures vanquished.

Vanquished Creatures (collateral kills)
  A bullfrog (D:7)
  A killer bee (D:7)
  A crimson imp (D:5)
  A centaur zombie (D:7)
  An orc wizard (D:6)
  2 oozes
  2 worms (D:4)
  A hobgoblin (D:1)
  3 jackals (D:2)
  A rat (D:1)
14 creatures vanquished.

Vanquished Creatures (others)
  A killer bee (D:7)
  A bush (D:8)
  A fungus (D:8)
  12 plants (D:8)
15 creatures vanquished.

Grand Total: 210 creatures vanquished

Notes
Turn   | Place    | Note
-------+----------+-------------------------------------------
     0 | D:1      | raistware the Mummy Wizard began the quest for the Orb.
     0 | D:1      | Reached XP level 1. HP: 13/13 MP: 5/5
     3 | D:1      | Noticed an electric eel
     3 | D:1      | Noticed an electric eel
   104 | D:1      | Reached skill level 1 in Conjurations
   334 | D:1      | Reached XP level 2. HP: 19/19 MP: 2/7
   338 | D:1      | Learned a level 2 spell: Blink
   341 | D:1      | Learned a level 2 spell: Call Imp
   916 | D:1      | Reached XP level 3. HP: 4/24 MP: 0/8
  1100 | D:2      | Noticed Sigmund
  1139 | D:2      | Learned a level 3 spell: Conjure Flame
  1648 | D:2      | Reached XP level 4. HP: 27/30 MP: 2/10
  1653 | D:2      | Learned a level 3 spell: Mephitic Cloud
  2309 | D:2      | Found a bloodstained altar of Trog.
  2385 | D:2      | Found a stormy altar of Qazlal.
  2414 | D:2      | Found an opulent altar of Gozag.
  3428 | D:2      | Reached skill level 5 in Spellcasting
  3428 | D:2      | Reached XP level 5. HP: 6/35 MP: 0/12
  4029 | D:3      | Upgraded the game from 0.22-a0-379-ga9d99d6 to 0.22-a0-388-g09e6169
  4658 | D:4      | Noticed a centaur
  4714 | D:4      | Reached skill level 1 in Shields
  5018 | D:4      | Found a deep blue altar of Sif Muna.
  5021 | D:4      | Became a worshipper of Sif Muna the Loreminder
  5070 | D:4      | Killed a centaur
  5070 | D:4      | Reached skill level 1 in Summonings
  5070 | D:4      | Reached skill level 1 in Translocations
  5070 | D:4      | Reached XP level 6. HP: 25/41 MP: 0/14
  5559 | D:4      | Found a blossoming altar of Fedhas.
  5642 | D:5      | Entered Level 5 of the Dungeon
  5802 | D:5      | Reached XP level 7. HP: 38/46 MP: 1/15
  5913 | D:5      | Reached skill level 6 in Spellcasting
  6308 | D:5      | Identified the Tome of Scorching Sinister Arts
  6698 | D:5      | Reached * piety under Sif Muna
  6698 | D:5      | Reached skill level 5 in Conjurations
  6927 | D:5      | Found a shadowy altar of Dithmenos.
  7193 | D:5      | Found a shimmering altar of Xom.
  7360 | D:5      | Learned a level 6 spell: Bolt of Fire
  7383 | D:6      | Reached XP level 8. HP: 52/52 MP: 9/18
  7419 | D:6      | Found a glowing silver altar of Zin.
  7592 | D:6      | Reached skill level 7 in Spellcasting
  7592 | D:6      | Reached skill level 1 in Fire Magic
  7941 | D:6      | Reached ** piety under Sif Muna
  7998 | D:6      | Noticed Blork the orc
  8263 | D:6      | Found a staircase to the Ecumenical Temple.
  8276 | Temple   | Entered the Ecumenical Temple
  8774 | D:6      | Found an iron altar of Okawaru.
  9294 | D:6      | Killed Blork the orc
  9434 | D:7      | Found a radiant altar of Vehumet.
 10009 | D:7      | Found the +9 staff of Olgreb {rPois}
 10011 | D:7      | Found a runed door.
 10016 | D:7      | Found a runed gate.
 10017 | D:7      | Found a runed door.
 10027 | D:7      | Found a runed gate.
 10027 | D:7      | Found a runed gate.
 10034 | D:7      | Noticed a hippogriff
 10050 | D:7      | Killed a hippogriff
 10050 | D:7      | Reached XP level 9. HP: 49/57 MP: 10/20
 10184 | D:7      | Reached skill level 8 in Spellcasting
 11023 | D:7      | Reached *** piety under Sif Muna
 12069 | D:8      | Noticed a two-headed ogre
 12108 | D:8      | Slain by a two-headed ogre

Vault maps used:
D:1:      arrival_aquarium_b, minmay_nonomino_d4
D:2:      marbit_many_paths, nicolae_overflow_hidden_temple,
          lightli_temple_of_fire, uniq_sigmund
D:3:      wad_crossroads, first_ration
D:4:      old_standard_altar, kennysheep_mini
D:5:      lemuel_round_altar, basic_altar
D:6:      zin_academy, okawaru_gym_becter, minmay_temple_entry_overgrown,
          uniq_blork_the_orc
D:7:      nicolae_overflow_crystal_walls, minmay_guarded_unrand_staff_of_olgreb
D:8:      lemuel_crystal_altar, minmay_lair_entry_grove
Temple:   hc_temple_tempest_star

Skill      XL: |  1  2  3  4  5  6  7  8  9 |
---------------+----------------------------+-----
Conjurations   | 1 2 3 4 5 6 7 |  7.9
Stealth        | 2 |  2.0
Dodging        | 2 |  2.0
Spellcasting   | 5 6 7 8 |  8.9
Shields        | 1 2 3 4 |  4.0
Summonings     | 1 |  1.1
Translocations | 1 |  1.1
Fire Magic     | 2 3 |  3.8

Action                   |  1- 3 |  4- 6 |  7- 9 || total
-------------------------+-------+-------+-------++-------
Melee: Dagger            |    34 |     6 |       ||    40
       Short sword       |       |    67 |   168 ||   235
       Staff             |       |       |     9 ||     9
Throw: Throwing net      |       |     3 |       ||     3
 Cast: Magic Dart        |    95 |   180 |   175 ||   450
       Call Imp          |     3 |     8 |    30 ||    41
       Blink             |       |     1 |     2 ||     3
       Conjure Flame     |       |     7 |    51 ||    58
       Mephitic Cloud    |       |     3 |    34 ||    37
Evoke: Wand              |       |       |     2 ||     2
  Use: Scroll            |       |     2 |     1 ||     3
 Stab: Sleeping          |     1 |     8 |       ||     9
       Confused          |       |     2 |     7 ||     9
       Paralysed         |       |       |     2 ||     2
Armor: Robe              |     6 |    20 |     9 ||    35
Dodge: Dodged            |    32 |    73 |    97 ||   202
Block: Buckler           |       |    14 |    41 ||    55

Table legend:
 A = Spawn XP
 B = Non-spawn XP
 C = Spawn XP percentage of total XP
 D = Spawn monster count
 E = Non-spawn monster count
 F = Spawn count percentage of total count
 G = Total turns spent on level
                    A         B        C        D         E        F      G
               +---------+---------+-------+---------+---------+-------+---------
         Total |       0 |    4742 |   0.0 |       0 |     196 |   0.0 | 12108
               +---------+---------+-------+---------+---------+-------+---------
           D:1 |       0 |      42 |   0.0 |       0 |      24 |   0.0 |  1339
           D:2 |       0 |     131 |   0.0 |       0 |      38 |   0.0 |  2020
           D:3 |       0 |      89 |   0.0 |       0 |      38 |   0.0 |  1051
           D:4 |       0 |     376 |   0.0 |       0 |      14 |   0.0 |  1647
           D:5 |       0 |     768 |   0.0 |       0 |      17 |   0.0 |  1304
           D:6 |       0 |    1003 |   0.0 |       0 |      26 |   0.0 |  1741
           D:7 |       0 |    2103 |   0.0 |       0 |      36 |   0.0 |  2398
           D:8 |       0 |     230 |   0.0 |       0 |       3 |   0.0 |   213
               +---------+---------+-------+---------+---------+-------+---------
